 Dungeon Crawl Stone Soup version 0.24.0-28-g17ded55e90 (webtiles) character file.

Game seed: 15736864175785471624, levelgen mode: deterministic

436 Curus the Spear-Bearer (level 6, 0/84 HPs)
             Began as a Minotaur Berserker on Nov 12, 2019.
             Was a Priest of Trog.
             Succumbed to kobold's curare-tipped dart
             ... in a sewer.
             The game lasted 00:08:29 (2422 turns).

Curus the Spear-Bearer (Minotaur Berserker)         Turns: 2422, Time: 00:08:29

Health: 0/84       AC: 23    Str: 22    XL:     6   Next: 69%
Magic:  5/5        EV:  2    Int:  6    God:    Trog [***...]
Gold:   170        SH:  0    Dex:  7    Spells: 5/5 levels left

rFire    . . .     SeeInvis .   a - +0 spear
rCold    . . .     Gourm    .   (no shield)
rNeg     + + +     Faith    .   (armour currently unavailable)
rPois    +         Spirit   .   (helmet currently unavailable)
rElec    .         Reflect  .   (cloak currently unavailable)
rCorr    .         Harm     .   (gloves currently unavailable)
MR       .....     NoTele   +   (boots currently unavailable)
Stlth    +.........             (no amulet)
HPRegen  0.24/turn              f - ring of positive energy
MPRegen  0.09/turn              (no ring)

@: lethally poisoned (0 -> -7), tree-form, berserk cooldown, slowed, very slow
A: (retaliatory headbutt), clumsy 1, robust 1
a: Berserk, Trog's Hand, Renounce Religion


You were in a sewer.
You worshipped Trog.
Trog was most pleased with you.
You were not hungry.
You were a tree.
You visited 1 branch of the dungeon, and saw 3 of its levels.
You also visited: Sewer.

You collected 170 gold pieces.

Inventory:

Hand Weapons
 a - a +0 spear (weapon)
Armour
 b - a +0 animal skin
 d - a +0 ring mail
 h - a +0 scale mail (melded)
Jewellery
 f - a ring of positive energy (left branch)
Scrolls
 e - 2 scrolls of remove curse
Comestibles
 c - 4 rations


   Skills:
 - Level 3.6 Fighting
 + Level 9.2 Polearms
 - Level 2.4 Armour
 - Level 2.1 Dodging


You had 5 spell levels left.
You didn't know any spells.
Your spell library was empty.

Dungeon Overview and Level Annotations

Branches:
Dungeon (3/15)              Sewer (1/1)

Altars:
Cheibriados
Gozag
Xom


Innate Abilities, Weirdness & Mutations

((You reflexively headbutt those who attack you in melee.))
((You have a pair of horns on your head.))
You are clumsy. (Dex -2)
You are robust. (+10% HP)
((You are occasionally teleported next to monsters.))


Message History

You start resting.
* * * LOW HITPOINT WARNING * * *
You feel very sick.
You start resting.
You feel sick.
You feel the effects of Trog's Hand fading.
You feel sick.
You start resting.
You feel sick. x2
Your skin stops crawling.
You feel less resistant to hostile enchantments.
* * * LOW HITPOINT WARNING * * *
You feel sick.
Okay, then.
Unknown command.
Okay, then.
Unknown command.
Really quaff the potion of lignification?
You turn into a tree.
Your +0 scale mail melds into your body.
Your roots penetrate the ground.
You die...

.# ..## .... ...
####.#### #..≈....#
#..≈≈≈≈.# #♣≈≈≈≈≈.#
#)†≈≈≈≈.# #()≈≈≈≈≈#
#≈≈≈≈≈≈.# #≈.≈≈≈..#
################≈≈≈≈≈≈.#
≈≈≈≈≈≈≈≈≈≈≈≈≈≈≈≈≈≈≈≈≈..#
################(.≈≈≈≈.#
##.≈≈≈.##


There were no monsters in sight!

Vanquished Creatures
  A big kobold (Sewer)
  An orc priest (D:3)
  Terence (D:2)
  6 gnolls
  8 river rats
  10 adders
  2 dart slugs (D:1)
  3 leopard geckos
  3 orcs (D:3)
  2 giant cockroaches (D:2)
  3 goblins
  6 hobgoblins
  15 jackals
  A quokka (D:2)
  6 bats
  8 frilled lizards
  9 kobolds
  11 rats
96 creatures vanquished.

Notes
Turn   | Place    | Note
-------+----------+-------------------------------------------
     0 | D:1      | Curus the Minotaur Berserker began the quest for the Orb.
     0 | D:1      | Reached XP level 1. HP: 19/19 MP: 0/0
    47 | D:1      | Reached skill level 4 in Polearms
    83 | D:1      | Reached XP level 2. HP: 26/26 MP: 1/1
   347 | D:1      | Reached skill level 5 in Polearms
   450 | D:1      | Reached ** piety under Trog
   472 | D:1      | Reached XP level 3. HP: 31/31 MP: 2/2
   819 | D:2      | Noticed Terence
   838 | D:2      | Killed Terence
   838 | D:2      | Reached skill level 6 in Polearms
   838 | D:2      | Reached XP level 4. HP: 18/39 MP: 3/3
  1551 | D:2      | Reached skill level 7 in Polearms
  1551 | D:2      | Reached XP level 5. HP: 44/45 MP: 4/4
  1620 | D:2      | Gained mutation: You are clumsy. (Dex -2) [potion of
                  | mutation]
  1620 | D:2      | Gained mutation: You are occasionally teleported next to
                  | monsters. [potion of mutation]
  1620 | D:2      | Gained mutation: You are robust. (+10% HP) [potion of
                  | mutation]
  1816 | D:3      | Found an opulent altar of Gozag.
  2035 | D:3      | Found a snail-covered altar of Cheibriados.
  2035 | D:3      | Found a shimmering altar of Xom.
  2094 | D:3      | Reached skill level 8 in Polearms
  2100 | D:3      | Reached *** piety under Trog
  2100 | D:3      | Reached XP level 6. HP: 47/56 MP: 5/5
  2325 | D:3      | Found a glowing drain.
  2332 | Sewer    | Entered a sewer
  2408 | Sewer    | Reached skill level 9 in Polearms
  2417 | Sewer    | HP: 2/56 [poisoned by kobold (curare-tipped dart)]
  2422 | Sewer    | Succumbed to kobold's curare-tipped dart

Levels and vault maps discovered:
D:1:      kennysheep_arrival_forest, layout_basic, minmay_lizard_pond
D:2:      layout_basic, serial_rivers, chequers_serial_rivers_micro_b,
          chequers_serial_rivers_micro_b, chequers_serial_rivers_micro_d,
          chequers_serial_rivers_room_b, chequers_serial_rivers_marsh,
          uniq_terence
D:3:      layout_basic, lemuel_zombie_altar_yredelemnul,
          nicolae_gozag_seed_capital, gammafunk_temple_overflow_statue,
          lightli_sewer_entry_pipes
Sewer:    sewer_kobolds

Skill      XL: |  1  2  3  4  5  6 |
---------------+-------------------+-----
Polearms       | 4 5 6 7 8 9 |  9.2
Fighting       | |  3.6
Armour         | |  2.4
Dodging        | |  2.1

Action                   |  1- 3 |  4- 6 || total
-------------------------+-------+-------++-------
Melee: Spear             |    95 |   208 ||   303
       Headbutt          |     9 |    20 ||    29
Invok: Berserk           |     1 |     3 ||     4
       Trog's Hand       |       |     1 ||     1
  Use: Potion            |     2 |     4 ||     6
       Scroll            |     2 |     3 ||     5
  Eat: Chunk             |       |     9 ||     9
Armor: Animal skin       |     5 |       ||     5
       Ring mail         |       |    35 ||    35
       Scale mail        |       |    14 ||    14
Dodge: Dodged            |    46 |    98 ||   144
